 Zot Defence DCSS version 0.15.2 (webtiles) character file.

366 xileck the Skirmisher (level 7, 0/1 (55) HPs)
             Began as a Human Fighter on Feb 12, 2019.
             Rotted away (a hound)
             ... in the Realm of Zot (Scenario I: Hall of Zot).
             The game lasted 00:02:57 (673 turns).

xileck the Skirmisher (Human Fighter)                Turns: 673, Time: 00:02:57

HP   0/1 (55)    AC  7     Str 19      XL: 7   Next:  1%
MP   7/7         EV  6     Int  8      God:
Gold 0           SH  9     Dex 12      Spells:  0 memorised,  6 levels left

rFire  . . .     SeeInvis .     a - +0 cutlass
rCold  . . .     Clarity  .     b - +0 scale mail
rNeg   . . .     rCorr    .     c - +0 shield
rPois  .         rRot     .     (no helmet)
rElec  .         Spirit   .     (no cloak)
SustAb .         Warding  .     (no gloves)
rMut   .         Stasis   .     (no boots)
Gourm  .                        (no amulet)
MR     .....                    (no ring)
                                (no ring)

@: not resistant to hostile enchantments, extremely unstealthy
A: no striking features
a: Make oklob sapling, Make arrow trap, Make plant, Remove Curse, Make burning
bush, Make altar, Make grenades, Make oklob plant


You were in the Realm of Zot.
You were not hungry.

You visited 1 branch

Inventory:

Hand weapons
 a - a +0 cutlass (weapon)
Armour
 b - a +0 scale mail (worn)
 c - a +0 shield (worn)
Comestibles
 f - a bread ration
Potions
 d - 3 potions of curing
 e - a potion of might
 g - a potion of heal wounds
 h - a potion of haste
 i - 2 potions of magic
 j - a potion of berserk rage


   Skills:
 + Level 4.6 Fighting
 + Level 3.8 Short Blades
 + Level 4.3 Armour
 + Level 0.4 Dodging
 + Level 4.2 Shields


You had 6 spell levels left.
You didn't know any spells.

Dungeon Overview and Level Annotations

Branches:
    Zot (1/1)

Altars:


Message History

Your flesh rots away as the Orb of Zot is desecrated.
Your flesh rots away as the Orb of Zot is desecrated.
You hit the hound.
Your flesh rots away as the Orb of Zot is desecrated. x2
The hound is lightly wounded.
Your flesh rots away as the Orb of Zot is desecrated. x4
Your flesh rots away as the Orb of Zot is desecrated.
You hit the hound but do no damage.
The hound is lightly wounded.
Your flesh rots away as the Orb of Zot is desecrated. x2
The rat bites you but does no damage. The hobgoblin hits you with a club.
Your flesh rots away as the Orb of Zot is desecrated.
Your flesh rots away as the Orb of Zot is desecrated.
You hit the hound but do no damage.
The hound is lightly wounded.
Your flesh rots away as the Orb of Zot is desecrated. x2
You block the rat's attack.
Your flesh rots away as the Orb of Zot is desecrated.
Ouch! That really hurt!
You die...

▓▓▓▓▓▓▓ ▓▓▓▓▓▓▓▓▓ ...▓▓▓▓
▓▓▓▓..... ......▓▓▓ ▓▓▓........
........▓▓ ▓▓..........
.........▓ ▓▓▓▓▓▓▓▓▓ ▓...........
.........▓▓▓.......▓▓▓...........
.........▓▓.........▓▓...........
.........▓.....g.....▓...........
..............Jh@................
.........▓.....r.....▓...........
.........▓▓.........▓▓...........
.........▓▓▓.......▓▓▓...........
.........# ▓▓▓▓▓▓▓▓▓ #...........
........## ##.......... ......###
###........ ...#### ####.....
######## ##########


You could see a hound, an ooze, a hobgoblin and a rat.

Vanquished Creatures
  A phantom (Zot)
  A giant mite (Zot)
  3 oozes (Zot)
  A giant cockroach (Zot)
  2 goblins (Zot)
  8 ball pythons (Zot)
  2 bats (Zot)
  5 kobolds (Zot)
  7 rats (Zot)
30 creatures vanquished.

Vanquished Creatures (collateral kills)
  Purgy (Zot)
  3 goblins (Zot)
  A hobgoblin (Zot)
  A kobold (Zot)
  3 rats (Zot)
9 creatures vanquished.

Grand Total: 39 creatures vanquished

Notes
Turn   | Place    | Note
--------------------------------------------------------------
     0 | Zot      | xileck, the Human Fighter, began the quest for the Orb.
     0 | Zot      | Reached XP level 1. HP: 18/18 MP: 1/1
   204 | Zot      | Reached XP level 2. HP: 24/24 MP: 2/2
   229 | Zot      | Reached XP level 3. HP: 29/29 MP: 3/3
   395 | Zot      | Reached XP level 4. HP: 35/35 MP: 4/4
   405 | Zot      | Noticed Jymnoxta
   513 | Zot      | Killed Jymnoxta the phantom
   513 | Zot      | Reached skill level 4 in Fighting
   513 | Zot      | Reached XP level 5. HP: 36/42 MP: 5/5
   513 | Zot      | Reached XP level 6. HP: 41/48 MP: 6/6
   614 | Zot      | Killed Purgy
   669 | Zot      | Reached XP level 7. HP: 18/18 MP: 7/7
   673 | Zot      | Rotted away (a hound)

Action                   |  1- 3 |  4- 6 |  7- 9 || total
-------------------------+-------+-------+-------++-------
Melee: Cutlass           |    94 |    61 |     3 ||   158
 Abil: Make oklob saplin |       |     1 |       ||     1
  Use: Scroll            |     1 |       |       ||     1
